 Dungeon Crawl Stone Soup version 0.27-a0-931-g5a74e75d8f (webtiles) character file.

Game seed: 7802314837141983432

11 Alarkh the Insei (level 2, -2/22 HPs)
             Began as a Demonspawn Gladiator on Apr 10, 2021.
             Slain by a quokka (4 damage)
             ... on level 1 of the Dungeon.
             The game lasted 00:00:17 (78 turns).

Alarkh the Insei (Demonspawn Gladiator)               Turns: 78, Time: 00:00:18

Health: -2/22      AC:  4    Str: 14    XL:     2   Next: 17%
Magic:  2/2        EV: 12    Int:  9    God:
Gold:   31         SH:  0    Dex: 14    Spells: 1/1 levels left

rFire    . . .     SeeInvis .     - Unarmed
rCold    . . .     Faith    .   (no shield)
rNeg     . . .     Spirit   .   a - +0 leather armour
rPois    .         Reflect  .   b - +0 helmet
rElec    .         Harm     .   (no cloak)
rCorr    .         Rampage  .   (no gloves)
Will     .....                  (no boots)
Stlth    +.........             (no amulet)
HPRegen  0.07/turn              (no ring)
MPRegen  0.08/turn              (no ring)

@: no status effects
A: talons 1
a: no special abilities


You were on level 1 of the Dungeon.
You visited 1 branch of the dungeon, and saw 1 of its levels.

You collected 31 gold pieces.

Inventory:

Missiles
 c - a throwing net (quivered)
Armour
 a - a +0 leather armour (worn)
 b - a +0 helmet (worn)


   Skills:
 + Level 2.3 Fighting
 - Level 1.7 Throwing
 - Level 2.6 Dodging
 * Level 3.1 Unarmed Combat


You had one spell level left.
You didn't know any spells.
Your spell library was empty.

Dungeon Overview and Level Annotations

Branches:
Dungeon (1/15)

Altars:


Innate Abilities, Weirdness & Mutations

You have sharp toenails.


Message History

The gnoll is severely wounded.
The gnoll struggles against the net.
You hit the gnoll but do no damage.
The gnoll is severely wounded.
The gnoll struggles against the net.
You hit the gnoll.
The gnoll is almost dead.
The gnoll struggles against the net.
You hit the gnoll but do no damage.
The gnoll is almost dead.
You hit the gnoll.
The gnoll is almost dead.
The gnoll struggles against the net.
You catch the helpless gnoll completely off-guard!
You hit the gnoll but do no damage.
The gnoll is almost dead.
The gnoll struggles against the net.
You barely miss the gnoll.
The gnoll is almost dead.
The gnoll struggles against the net.
The net rips apart, and the gnoll comes free!
You barely miss the gnoll.
The gnoll is almost dead.
The gnoll closely misses you.
You hit the gnoll.
You kill the gnoll!
Your Unarmed Combat skill increases to level 3!
You have reached level 2!
Your demonic ancestry asserts itself...
Your toenails lengthen and sharpen.
You hit the frilled lizard.
You kill the frilled lizard!
You completely miss the quokka. The quokka barely misses you.
You barely miss the quokka.
The quokka twitches its whiskers.
The quokka barely misses you.
You closely miss the quokka. You claw the quokka.
The quokka is almost dead.
The quokka bites you.
You die...

#.......#
#.......#
#.......##.
#.......... ##
#.......#
..##.......#
#.#........#
#.#r########
#.#@### ##.....#
#....###### ##.#.#
... #.#.##.###
..#......#
########.#######
##..............##
#.#........#...#.#


You could see a quokka.

Vanquished Creatures
  A gnoll (D:1)
  A kobold (D:1)
  A bat (D:1)
  A frilled lizard (D:1)
4 creatures vanquished.

Notes
Turn   | Place    | Note
-------+----------+-------------------------------------------
     0 | D:1      | Alarkh the Demonspawn Gladiator began the quest for the
                  | Orb.
     0 | D:1      | Reached XP level 1. HP: 16/16 MP: 1/1
    75 | D:1      | Reached skill level 3 in Unarmed Combat
    75 | D:1      | Gained mutation: You have sharp toenails. [demonic
                  | ancestry]
    75 | D:1      | Reached XP level 2. HP: 2/22 MP: 2/2
    78 | D:1      | Slain by a quokka

Illustrated notes

Levels and vault maps discovered:
D:1:      matt_arrival_diagonals, layout_basic,
          ebering_ecumenical_altar_abandoned

Skill      XL: |  1 |
---------------+----+-----
Unarmed Combat | 3 |  3.1
Fighting       | |  2.3
Throwing       | |  1.7
Dodging        | |  2.6

Action                   || total
-------------------------++-------
Melee: Unarmed           ||    34
       Kick              ||     1
Throw: Throwing net      ||     2
 Stab: Held in net/web   ||     1
Armor: Leather armour    ||     5
Dodge: Dodged            ||    15

Table legend: (Time is in decaauts)
 A = Elapsed time spent in this place.
 B = Non-inter-level travel time spent in this place.
 C = Inter-level travel time spent in this place.
 D = Time resting spent in this place.
 E = Time spent auto-exploring this place.
 F = Levels seen in this place.
 G = Mean time per level.
                   A        B        C        D        E       F      G
               +--------+--------+--------+--------+--------+-----+--------+
         Total |     76 |     76 |      0 |      0 |     30 |   1 |   76.0 |
       Dungeon |     76 |     76 |      0 |      0 |     30 |   1 |   76.0 |
               +--------+--------+--------+--------+--------+-----+--------+

Top non-repeatable levels by time:
     D:1: 76 daAuts
